Minnesota North Stars vs Toronto Maple Leafs
(R2)
Created - Friday, June 6, 2025 at 08:34
Goals
|
| Minnesota North Stars |
0 |
3 |
0 |
3 |
| Toronto Maple Leafs |
0 |
1 |
1 |
2 |
|
Shots
|
| Minnesota North Stars |
20 |
10 |
9 |
39 |
| Toronto Maple Leafs |
11 |
13 |
12 |
36 |
|
1st period
No Goal
Penalties :
Erik Cernak (MNS) for Hooking (Minor) at 11:39, William Karlsson (MNS) for Holding Stick (Minor) at 14:05
2nd period
1. Toronto Maple Leafs , Nicolas Roy 1 (Nino Niederreiter 1, Sam Bennett 1) at 0:06
2. Minnesota North Stars , Valeri Nichushkin 1 (William Karlsson 2, Gustav Forsling 1) at 2:39
3. Minnesota North Stars , Jonathan Marchessault 3 (Evgeni Malkin 2) at 11:49 (PP)
4. Minnesota North Stars , Valeri Nichushkin 2 (Jack Hughes 1, Rasmus Dahlin 1) at 13:47
Penalties :
Nick Bjugstad (TOR) for Slashing (Double Minor) at 5:02, Brady Tkachuk (TOR) for Hooking (Minor) at 9:54, Aaron Ekblad (TOR) for Slashing (Minor) at 11:45, Matt Roy (MNS) for Holding (Minor) at 16:30
3rd period
5. Toronto Maple Leafs , Wyatt Johnston 3 (Sean Walker 3, Quinton Byfield 2) at 5:07
Penalties :
Brady Tkachuk (TOR) for Delaying the game (Minor) at 8:56, Sam Bennett (TOR) for Holding (Minor) at 13:37, Ryan Pulock (TOR) for Delaying the game (Minor) at 17:20
Goalie Stats
Logan Thompson (MNS), 34 saves from 36 shots - (0.944), W, 2-1-0, 60:00 minutes
Cam Talbot (TOR), 36 saves from 39 shots - (0.923), L, 1-2-0, 60:00 minutes
Players Stats for Minnesota North Stars
Player Name G A P +/- PIM S H SB GA TA FO MP PP MP PK MP
------------------------------------------------------------------------------------
Alexander Kerfoot 0 0 0 0 0 1 0 0 0 0 5/7 9:36 0:46 2:56
Brock Nelson 0 0 0 0 0 1 1 0 0 1 0/2 12:15 0:44 0:00
Dylan DeMelo 0 0 0 0 0 1 1 1 0 2 0/0 23:14 6:42 2:43
Erik Cernak 0 0 0 0 2 0 1 0 0 0 0/0 15:15 0:21 1:41
Evan Rodrigues 0 0 0 0 0 1 0 0 0 0 0/0 5:59 0:10 0:00
Evgeni Malkin 0 1 1 0 0 7 1 0 0 0 10/19 18:20 6:06 1:03
Frank Vatrano 0 0 0 1 0 2 1 0 1 0 0/2 17:42 6:07 0:00
Gustav Forsling 0 1 1 0 0 1 0 0 0 1 0/0 23:28 6:42 3:09
Ivan Barbashev 0 0 0 0 0 1 0 0 0 0 0/0 5:59 0:10 0:00
Jack Hughes 0 1 1 -1 0 3 0 0 1 0 8/21 18:29 6:47 0:01
Jonathan Marchessault 1 0 1 -2 0 2 1 0 0 0 0/0 17:48 6:06 0:25
Lawson Crouse 0 0 0 0 0 2 1 0 0 0 0/1 15:24 0:56 2:47
Matt Roy 0 0 0 0 2 1 0 0 0 0 0/0 13:33 0:21 0:00
Neal Pionk 0 0 0 0 0 2 1 0 0 2 0/0 23:17 6:43 3:14
Rasmus Dahlin 0 1 1 0 0 0 1 2 0 0 0/0 21:17 6:43 1:07
Ryan Nugent-Hopkins 0 0 0 -1 0 2 0 2 0 0 0/1 20:54 6:42 2:45
Valeri Nichushkin 2 0 2 2 0 10 1 0 1 0 0/3 17:43 6:44 0:00
William Karlsson 0 1 1 1 2 2 0 0 0 0 6/15 13:47 0:00 1:57
Players Stats for Toronto Maple Leafs
Player Name G A P +/- PIM S H SB GA TA FO MP PP MP PK MP
------------------------------------------------------------------------------------
Aaron Ekblad 0 0 0 0 2 0 3 1 0 2 0/0 24:20 3:14 5:38
Andrew Mangiapane 0 0 0 -1 0 2 2 0 0 0 0/0 5:40 0:00 0:00
Brady Tkachuk 0 0 0 0 4 7 3 1 1 0 1/1 15:57 3:12 1:15
Brandon Saad 0 0 0 -1 0 2 0 0 0 0 0/0 6:07 0:20 0:00
Cody Ceci 0 0 0 0 0 0 0 2 0 0 0/0 19:40 0:00 6:03
Dougie Hamilton 0 0 0 -1 0 1 1 0 0 0 0/0 19:43 2:43 3:07
Mario Ferraro 0 0 0 0 0 0 2 1 0 0 0/0 17:02 0:00 6:03
Nick Bjugstad 0 0 0 1 4 1 2 0 0 0 1/2 18:54 2:25 4:44
Nicolas Roy 1 0 1 1 0 4 0 1 0 0 2/2 17:33 0:20 6:11
Nino Niederreiter 0 1 1 1 0 0 2 0 0 0 1/3 11:08 0:00 0:00
Quinton Byfield 0 1 1 1 0 3 2 0 0 0 0/0 14:59 2:25 0:49
Ryan Pulock 0 0 0 0 2 3 1 3 0 1 0/0 24:37 3:14 5:55
Sam Bennett 0 1 1 1 2 1 1 3 1 0 8/12 11:35 0:20 0:00
Scott Laughton 0 0 0 -2 0 1 0 0 0 0 0/3 12:42 0:00 6:33
Sean Walker 0 1 1 0 0 0 1 0 0 0 0/0 14:40 2:43 0:45
Tomas Hertl 0 0 0 -1 0 4 1 0 2 0 25/34 21:27 3:12 6:32
Troy Terry 0 0 0 0 0 2 0 0 1 0 1/1 14:15 3:12 0:00
Wyatt Johnston 1 0 1 1 0 5 0 0 1 0 3/13 15:45 2:25 1:24
3 Stars
1 - Valeri Nichushkin (MNS)
2 - Logan Thompson (MNS)
3 - Nicolas Roy (TOR)
Power Play
Minnesota North Stars - 1 on 7 Attempt(s) - 14.29%
Toronto Maple Leafs - 0 on 3 Attempt(s) - 0.00%
Penalty Kill
Minnesota North Stars - 3 on 3 Attempt(s) - 100.00%
- Score 0 goal in Penalty Kill
Toronto Maple Leafs - 6 on 7 Attempt(s) - 85.71%
- Score 0 goal in Penalty Kill
Team Stat
Minnesota North Stars - Hits : 10 - Faceoff Wins : 29 - Blocked Shots : 5 - Penalty Minutes : 6
Toronto Maple Leafs - Hits : 21 - Faceoff Wins : 42 - Blocked Shots : 12 - Penalty Minutes : 14
Official
Referees : Corey Syvret and Chris Schlenker
Linesman : Ryan Jackson and Caleb Apperson
Game Notes
No Game Note
Finance
Level 1 -- Attendance: 6000 (100.00%) -- Ticket Income $564,000
Level 2 -- Attendance: 4975 (99.50%) -- Ticket Income $268,650
Level 3 -- Attendance: 3000 (100.00%) -- Ticket Income $99,000
Level 4 -- Attendance: 5000 (100.00%) -- Ticket Income $105,000
Luxury Box -- Attendance: 1000 (100.00%) -- Ticket Income $193,000
Game was played at the Air Canada Centre.
Total Attendance: 19975 (99.88%)
Total Ticket Income: $1,229,650
Other Income: $430,378
Total Income: $1,660,028
Minnesota North Stars
5 vs 5 Forward
Center Left Wing Right Wing Time % Phy DF OF
1 William Karlsson Valeri Nichushkin Frank Vatrano 31 0 2 3
2 Jack Hughes Ryan Nugent-Hopkins Jonathan Marchessault 31 0 2 3
3 Evgeni Malkin Brock Nelson Lawson Crouse 31 0 2 3
4 Alexander Kerfoot Evan Rodrigues Ivan Barbashev 7 0 2 3
5 vs 5 Defense
Defense Defense Time % Phy DF OF
1 Erik Cernak Matt Roy 34 0 4 1
2 Rasmus Dahlin Neal Pionk 33 0 4 1
3 Gustav Forsling Dylan DeMelo 33 0 4 1
4 Rasmus Dahlin Neal Pionk 0 1 2 2
PowerPlay Forward
Center Left Wing Right Wing Time % Phy DF OF
1 Jack Hughes Ryan Nugent-Hopkins Valeri Nichushkin 50 0 2 3
2 Evgeni Malkin Jonathan Marchessault Frank Vatrano 50 0 2 3
PowerPlay Defense
Defense Defense Time % Phy DF OF
1 Rasmus Dahlin Neal Pionk 50 0 2 3
2 Dylan DeMelo Gustav Forsling 50 0 2 3
Penalty Kill 4 Players Forward
Center Wing Time % Phy DF OF
1 William Karlsson Lawson Crouse 50 0 5 0
2 Alexander Kerfoot Ryan Nugent-Hopkins 50 0 5 0
Penalty Kill 4 Players Defense
Defense Defense Time % Phy DF OF
1 Erik Cernak Dylan DeMelo 50 0 5 0
2 Neal Pionk Gustav Forsling 50 0 5 0
Penalty Kill - 3 Players Forward
Forward Time % Phy DF OF
1 Alexander Kerfoot 50 0 5 0
2 William Karlsson 50 0 5 0
Penalty Kill - 3 Players Defense
Defense Defense Time % Phy DF OF
1 Erik Cernak Dylan DeMelo 50 0 5 0
2 Neal Pionk Gustav Forsling 50 0 5 0
4 vs 4 Forward
Center Wing Time % Phy DF OF
1 Jack Hughes Valeri Nichushkin 50 0 2 3
2 Evgeni Malkin Frank Vatrano 50 0 2 3
4 vs 4 Defense
Defense Defense Time % Phy DF OF
1 Rasmus Dahlin Neal Pionk 50 0 4 1
2 Gustav Forsling Matt Roy 50 0 4 1
Last Minutes Offensive
Center Left Wing Right Wing Defense Defense
William Karlsson Jack Hughes Frank Vatrano Rasmus Dahlin Neal Pionk
Last Minutes Defensive
Center Left Wing Right Wing Defense Defense
William Karlsson Lawson Crouse Frank Vatrano Erik Cernak Gustav Forsling
Goaltenders
Starting : Logan Thompson
Backup : Charlie Lindgren
Extra Forwards
Normal : Brock Nelson, Ryan Nugent-Hopkins, William Karlsson - PP : Brock Nelson, Ryan Nugent-Hopkins - PK : William Karlsson
Extra Defensemen
Normal : Matt Roy, Dylan DeMelo, Gustav Forsling - PP : Matt Roy - PK : Dylan DeMelo, Gustav Forsling
Penalty Shots
Neal Pionk, Ryan Nugent-Hopkins, William Karlsson, Rasmus Dahlin, Valeri Nichushkin
Scratches
Michael Rasmussen (Healthy), Cam York (Healthy), Jonas Brodin (Healthy)
Toronto Maple Leafs
5 vs 5 Forward
Center Left Wing Right Wing Time % Phy DF OF
1 Tomas Hertl Brady Tkachuk Troy Terry 30 1 2 2
2 Wyatt Johnston Quinton Byfield Nick Bjugstad 30 1 2 2
3 Sam Bennett Nino Niederreiter Nicolas Roy 30 1 2 2
4 Scott Laughton Brandon Saad Andrew Mangiapane 10 1 2 2
5 vs 5 Defense
Defense Defense Time % Phy DF OF
1 Aaron Ekblad Ryan Pulock 35 1 2 2
2 Cody Ceci Dougie Hamilton 35 1 2 2
3 Sean Walker Mario Ferraro 25 1 2 2
4 Aaron Ekblad Ryan Pulock 5 1 0 2
PowerPlay Forward
Center Left Wing Right Wing Time % Phy DF OF
1 Tomas Hertl Brady Tkachuk Troy Terry 50 1 2 2
2 Wyatt Johnston Quinton Byfield Nick Bjugstad 50 1 2 2
PowerPlay Defense
Defense Defense Time % Phy DF OF
1 Aaron Ekblad Ryan Pulock 50 1 2 2
2 Sean Walker Dougie Hamilton 50 1 2 2
Penalty Kill 4 Players Forward
Center Wing Time % Phy DF OF
1 Tomas Hertl Scott Laughton 50 1 2 2
2 Nick Bjugstad Nicolas Roy 50 1 2 2
Penalty Kill 4 Players Defense
Defense Defense Time % Phy DF OF
1 Aaron Ekblad Ryan Pulock 50 1 2 2
2 Cody Ceci Mario Ferraro 50 1 2 2
Penalty Kill - 3 Players Forward
Forward Time % Phy DF OF
1 Tomas Hertl 50 1 2 2
2 Nick Bjugstad 50 1 2 2
Penalty Kill - 3 Players Defense
Defense Defense Time % Phy DF OF
1 Aaron Ekblad Ryan Pulock 50 1 2 2
2 Cody Ceci Mario Ferraro 50 1 2 2
4 vs 4 Forward
Center Wing Time % Phy DF OF
1 Tomas Hertl Brady Tkachuk 50 1 2 2
2 Nick Bjugstad Troy Terry 50 1 2 2
4 vs 4 Defense
Defense Defense Time % Phy DF OF
1 Aaron Ekblad Ryan Pulock 50 1 2 2
2 Cody Ceci Dougie Hamilton 50 1 2 2
Last Minutes Offensive
Center Left Wing Right Wing Defense Defense
Tomas Hertl Brady Tkachuk Troy Terry Aaron Ekblad Ryan Pulock
Last Minutes Defensive
Center Left Wing Right Wing Defense Defense
Tomas Hertl Sam Bennett Nick Bjugstad Aaron Ekblad Ryan Pulock
Goaltenders
Starting : Cam Talbot
Backup : Frederik Andersen
Extra Forwards
Normal : Wyatt Johnston, Sam Bennett, Scott Laughton - PP : Wyatt Johnston, Sam Bennett - PK : Scott Laughton
Extra Defensemen
Normal : Sean Walker, Dougie Hamilton, Cody Ceci - PP : Sean Walker - PK : Dougie Hamilton, Cody Ceci
Penalty Shots
Brady Tkachuk, Tomas Hertl, Troy Terry, Nick Bjugstad, Wyatt Johnston
Scratches
Bowen Byram (Healthy), Kyle Okposo (Healthy), Warren Foegele (Healthy), Luke Schenn (Healthy), Pierre Engvall (Healthy)
% Time on Ice - Minnesota North Stars
Lines # - Real PCT - Wanted PCT - Time Play
Normal Forward
1 - 29% - 31% - 11:22
2 - 29% - 31% - 11:31
3 - 28% - 31% - 11:03
4 - 14% - 7% - 5:43
Normal Defense
1 - 35% - 34% - 13:55
2 - 31% - 33% - 12:19
3 - 33% - 33% - 13:03
4 - 1% - 0% - 0:22
PP Forward
1 - 50% - 50% - 6:54
2 - 50% - 50% - 6:52
PP Defense
1 - 51% - 50% - 7:04
2 - 49% - 50% - 6:42
PK Forward
1 - 54% - 50% - 3:12
2 - 46% - 50% - 2:45
PK Defense
1 - 53% - 50% - 3:09
2 - 47% - 50% - 2:48
PK3 Forward
1 - 0% - 50%
2 - 0% - 50%
PK3 Defense
1 - 0% - 50%
2 - 0% - 50%
44 Forward
1 - 0% - 50%
2 - 0% - 50%
44 Defense
1 - 0% - 50%
2 - 0% - 50%
Last Minute Offensive - 0:00
Last Minute Defensive - 0:38
Total
Forward - 60:00
Defense - 60:00
|
% Time on Ice - Toronto Maple Leafs
Lines # - Real PCT - Wanted PCT - Time Play
Normal Forward
1 - 28% - 30% - 11:04
2 - 30% - 30% - 11:46
3 - 28% - 30% - 11:08
4 - 14% - 10% - 5:40
Normal Defense
1 - 35% - 35% - 13:45
2 - 35% - 35% - 13:51
3 - 27% - 25% - 10:45
4 - 3% - 5% - 1:17
PP Forward
1 - 54% - 50% - 3:12
2 - 46% - 50% - 2:45
PP Defense
1 - 54% - 50% - 3:14
2 - 46% - 50% - 2:43
PK Forward
1 - 48% - 50% - 6:32
2 - 52% - 50% - 7:10
PK Defense
1 - 50% - 50% - 6:54
2 - 50% - 50% - 6:48
PK3 Forward
1 - 0% - 50% - 0:00
2 - 100% - 50% - 0:04
PK3 Defense
1 - 100% - 50% - 0:04
2 - 0% - 50% - 0:00
44 Forward
1 - 0% - 50%
2 - 0% - 50%
44 Defense
1 - 0% - 50%
2 - 0% - 50%
Last Minute Offensive - 0:39
Last Minute Defensive - 0:00
Total
Forward - 60:00
Defense - 60:00
|
Play-by-Play
1st period
0:01 of 1st period - William Karlsson wins face-off versus Tomas Hertl in neutral zone.
0:08 of 1st period - Wrist shot by Brady Tkachuk.
0:08 of 1st period - Stopped by Logan Thompson without a rebound.
0:09 of 1st period - Tomas Hertl wins face-off versus William Karlsson in Minnesota North Stars zone.
0:16 of 1st period - Snap shot by Tomas Hertl.
0:16 of 1st period - Stopped by Logan Thompson without a rebound.
0:17 of 1st period - Jack Hughes wins face-off versus Wyatt Johnston in Minnesota North Stars zone.
0:34 of 1st period - Neal Pionk is hit by Dougie Hamilton and loses puck.
0:51 of 1st period - Snap shot by Nicolas Roy.
0:51 of 1st period - Stopped by Logan Thompson with a rebound.
1:17 of 1st period - Icing by Cody Ceci.
1:18 of 1st period - William Karlsson wins face-off versus Scott Laughton in Toronto Maple Leafs zone.
1:21 of 1st period - Wrist shot by William Karlsson.
1:21 of 1st period - Shot Blocked by Cody Ceci.
1:29 of 1st period - Wrist shot by William Karlsson.
1:29 of 1st period - Stopped by Cam Talbot without a rebound.
1:30 of 1st period - Tomas Hertl wins face-off versus Jack Hughes in Toronto Maple Leafs zone.
2:41 of 1st period - Snap shot by Alexander Kerfoot.
2:41 of 1st period - Stopped by Cam Talbot without a rebound.
2:42 of 1st period - Alexander Kerfoot wins face-off versus Tomas Hertl in Toronto Maple Leafs zone.
2:43 of 1st period - Snap shot by Ivan Barbashev.
2:43 of 1st period - Stopped by Cam Talbot without a rebound.
2:44 of 1st period - Tomas Hertl wins face-off versus Alexander Kerfoot in Toronto Maple Leafs zone.
3:01 of 1st period - Slapshot by Tomas Hertl.
3:01 of 1st period - Stopped by Logan Thompson with a rebound.
4:22 of 1st period - Wrist shot by Valeri Nichushkin.
4:22 of 1st period - Stopped by Cam Talbot without a rebound.
4:23 of 1st period - Tomas Hertl wins face-off versus William Karlsson in Toronto Maple Leafs zone.
4:58 of 1st period - Slapshot by William Karlsson.
4:58 of 1st period - Shot Misses the Net.
5:06 of 1st period - Snap shot by Valeri Nichushkin.
5:06 of 1st period - Shot Misses the Net.
5:08 of 1st period - Wrist shot by Neal Pionk.
5:08 of 1st period - Stopped by Cam Talbot with a rebound.
5:10 of 1st period - Slapshot by Valeri Nichushkin.
5:10 of 1st period - Stopped by Cam Talbot with a rebound.
5:16 of 1st period - Wrist shot by William Karlsson.
5:16 of 1st period - Stopped by Cam Talbot with a rebound.
5:18 of 1st period - Slapshot by Gustav Forsling.
5:18 of 1st period - Stopped by Cam Talbot with a rebound.
5:24 of 1st period - Wrist shot by Valeri Nichushkin.
5:24 of 1st period - Shot Misses the Net.
5:28 of 1st period - Wrist shot by Valeri Nichushkin.
5:28 of 1st period - Stopped by Cam Talbot with a rebound.
5:38 of 1st period - Wrist shot by Frank Vatrano.
5:38 of 1st period - Stopped by Cam Talbot without a rebound.
5:39 of 1st period - Evgeni Malkin wins face-off versus Wyatt Johnston in Toronto Maple Leafs zone.
6:04 of 1st period - Neal Pionk is hit by Sam Bennett and loses puck.
6:35 of 1st period - Slapshot by Andrew Mangiapane.
6:35 of 1st period - Stopped by Logan Thompson without a rebound.
6:36 of 1st period - Evgeni Malkin wins face-off versus Wyatt Johnston in Minnesota North Stars zone.
6:36 of 1st period - Evgeni Malkin is hit by Quinton Byfield.
6:44 of 1st period - Backhand shot by Evgeni Malkin.
6:44 of 1st period - Stopped by Cam Talbot with a rebound.
6:46 of 1st period - Slapshot by Matt Roy.
6:46 of 1st period - Stopped by Cam Talbot without a rebound.
6:47 of 1st period - Sam Bennett wins face-off versus Evgeni Malkin in Toronto Maple Leafs zone.
6:52 of 1st period - Off-side.
6:53 of 1st period - Sam Bennett wins face-off versus Evgeni Malkin in neutral zone.
7:02 of 1st period - Slapshot by Evgeni Malkin.
7:02 of 1st period - Stopped by Cam Talbot with a rebound.
7:22 of 1st period - Wrist shot by Quinton Byfield.
7:22 of 1st period - Shot Misses the Net.
7:48 of 1st period - Troy Terry is hit by Frank Vatrano and loses puck.
8:03 of 1st period - Wrist shot by Brandon Saad.
8:03 of 1st period - Deflect By Andrew Mangiapane.
8:03 of 1st period - Shot Misses the Net.
8:03 of 1st period - Puck is out of play.
8:04 of 1st period - Evgeni Malkin wins face-off versus Scott Laughton in Minnesota North Stars zone.
8:04 of 1st period - Evgeni Malkin is hit by Mario Ferraro.
8:35 of 1st period - Jonathan Marchessault is hit by Andrew Mangiapane and loses puck.
8:53 of 1st period - Backhand shot by Andrew Mangiapane.
8:53 of 1st period - Stopped by Logan Thompson without a rebound.
8:54 of 1st period - Sam Bennett wins face-off versus Lawson Crouse in Minnesota North Stars zone.
8:59 of 1st period - Slapshot by Nicolas Roy.
8:59 of 1st period - Stopped by Logan Thompson without a rebound.
9:00 of 1st period - Sam Bennett wins face-off versus Evgeni Malkin in Minnesota North Stars zone.
9:15 of 1st period - Snap shot by Evgeni Malkin.
9:15 of 1st period - Stopped by Cam Talbot without a rebound.
9:16 of 1st period - William Karlsson wins face-off versus Wyatt Johnston in Toronto Maple Leafs zone.
9:47 of 1st period - Snap shot by Evgeni Malkin.
9:47 of 1st period - Deflect By Brock Nelson.
9:47 of 1st period - Shot Misses the Net.
9:47 of 1st period - Puck is out of play.
9:48 of 1st period - Sam Bennett wins face-off versus Jack Hughes in Toronto Maple Leafs zone.
10:12 of 1st period - Icing by Cody Ceci.
10:13 of 1st period - Evgeni Malkin wins face-off versus Wyatt Johnston in Toronto Maple Leafs zone.
11:05 of 1st period - Snap shot by Quinton Byfield.
11:05 of 1st period - Stopped by Logan Thompson with a rebound.
11:19 of 1st period - Snap shot by Quinton Byfield.
11:19 of 1st period - Shot Misses the Net.
11:21 of 1st period - Slapshot by Nick Bjugstad.
11:21 of 1st period - Stopped by Logan Thompson without a rebound.
11:22 of 1st period - Tomas Hertl wins face-off versus William Karlsson in Minnesota North Stars zone.
11:37 of 1st period - Snap shot by Tomas Hertl.
11:37 of 1st period - Deflect By Troy Terry.
11:37 of 1st period - Stopped by Logan Thompson with a rebound.
11:39 of 1st period - Minor Penalty to Erik Cernak for Hooking.
11:40 of 1st period - Alexander Kerfoot wins face-off versus Tomas Hertl in Minnesota North Stars zone.
13:39 of 1st period - Penalty to Erik Cernak is over, Erik Cernak is back on ice.
14:05 of 1st period - Minor Penalty to William Karlsson for Holding Stick.
14:06 of 1st period - Evgeni Malkin wins face-off versus Wyatt Johnston in Minnesota North Stars zone.
15:42 of 1st period - Ryan Nugent-Hopkins is hit by Sean Walker and loses puck.
16:05 of 1st period - Penalty to William Karlsson is over, William Karlsson is back on ice.
16:07 of 1st period - Snap shot by Jonathan Marchessault.
16:07 of 1st period - Shot Blocked by Sam Bennett.
16:13 of 1st period - William Karlsson is hit by Ryan Pulock and loses puck.
16:32 of 1st period - Slapshot by Frank Vatrano.
16:32 of 1st period - Shot Misses the Net.
16:34 of 1st period - Snap shot by Frank Vatrano.
16:34 of 1st period - Shot Misses the Net.
16:54 of 1st period - Matt Roy is hit by Aaron Ekblad and loses puck.
17:01 of 1st period - Ryan Pulock is hit by Erik Cernak.
17:23 of 1st period - Wrist shot by Brock Nelson.
17:23 of 1st period - Deflect By Lawson Crouse.
17:23 of 1st period - Stopped by Cam Talbot with a rebound.
17:25 of 1st period - Wrist shot by Brock Nelson.
17:25 of 1st period - Deflect By Evgeni Malkin.
17:25 of 1st period - Stopped by Cam Talbot with a rebound.
17:27 of 1st period - Snap shot by Lawson Crouse.
17:27 of 1st period - Stopped by Cam Talbot with a rebound.
17:39 of 1st period - Slapshot by Evan Rodrigues.
17:39 of 1st period - Stopped by Cam Talbot without a rebound.
17:40 of 1st period - Alexander Kerfoot wins face-off versus Wyatt Johnston in Toronto Maple Leafs zone.
18:01 of 1st period - Alexander Kerfoot is hit by Nick Bjugstad and loses puck.
18:10 of 1st period - Alexander Kerfoot is hit by Quinton Byfield.
18:19 of 1st period - Matt Roy is hit by Mario Ferraro and loses puck.
18:47 of 1st period - Snap shot by Wyatt Johnston.
18:47 of 1st period - Stopped by Logan Thompson without a rebound.
18:48 of 1st period - Jack Hughes wins face-off versus Tomas Hertl in Minnesota North Stars zone.
19:15 of 1st period - Snap shot by Valeri Nichushkin.
19:15 of 1st period - Stopped by Cam Talbot without a rebound.
19:16 of 1st period - Sam Bennett wins face-off versus William Karlsson in Toronto Maple Leafs zone.
19:30 of 1st period - Snap shot by William Karlsson.
19:30 of 1st period - Shot Misses the Net.
19:32 of 1st period - Snap shot by Valeri Nichushkin.
19:32 of 1st period - Stopped by Cam Talbot with a rebound.
Goals for this period are 0 for Minnesota North Stars vs 0 for Toronto Maple Leafs.
Shots for this period are 20 for Minnesota North Stars vs 11 for Toronto Maple Leafs.
2nd period
0:01 of 2nd period - Sam Bennett wins face-off versus Jack Hughes in neutral zone.
0:06 of 2nd period - Snap shot by Nicolas Roy.
0:06 of 2nd period - Goal by Nicolas Roy - Minnesota North Stars : 0 - Toronto Maple Leafs : 1.
0:07 of 2nd period - Tomas Hertl wins face-off versus Brock Nelson in neutral zone.
0:16 of 2nd period - Slapshot by Brady Tkachuk.
0:16 of 2nd period - Stopped by Logan Thompson with a rebound.
0:18 of 2nd period - Snap shot by Brady Tkachuk.
0:18 of 2nd period - Stopped by Logan Thompson without a rebound.
0:19 of 2nd period - Jack Hughes wins face-off versus Nino Niederreiter in Minnesota North Stars zone.
0:21 of 2nd period - Icing by Jonathan Marchessault.
0:22 of 2nd period - Jack Hughes wins face-off versus Sam Bennett in Minnesota North Stars zone.
1:19 of 2nd period - Wrist shot by Wyatt Johnston.
1:19 of 2nd period - Stopped by Logan Thompson without a rebound.
1:20 of 2nd period - William Karlsson wins face-off versus Wyatt Johnston in Minnesota North Stars zone.
1:34 of 2nd period - Off-side.
1:35 of 2nd period - Nino Niederreiter wins face-off versus Jack Hughes in neutral zone.
1:37 of 2nd period - Off-side.
1:38 of 2nd period - Nicolas Roy wins face-off versus Jack Hughes in neutral zone.
1:41 of 2nd period - Wrist shot by Nicolas Roy.
1:41 of 2nd period - Shot Misses the Net.
2:10 of 2nd period - Wrist shot by Brady Tkachuk.
2:10 of 2nd period - Stopped by Logan Thompson with a rebound.
2:12 of 2nd period - Snap shot by Dougie Hamilton.
2:12 of 2nd period - Shot Misses the Net.
2:39 of 2nd period - Wrist shot by Valeri Nichushkin.
2:39 of 2nd period - Goal by Valeri Nichushkin - Minnesota North Stars : 1 - Toronto Maple Leafs : 1.
2:40 of 2nd period - Evgeni Malkin wins face-off versus Sam Bennett in neutral zone.
2:53 of 2nd period - Slapshot by Rasmus Dahlin.
2:53 of 2nd period - Shot Blocked by Nicolas Roy.
3:13 of 2nd period - Snap shot by Jack Hughes.
3:13 of 2nd period - Shot Blocked by Brady Tkachuk.
3:15 of 2nd period - Snap shot by Jack Hughes.
3:15 of 2nd period - Stopped by Cam Talbot without a rebound.
3:16 of 2nd period - William Karlsson wins face-off versus Wyatt Johnston in Toronto Maple Leafs zone.
3:23 of 2nd period - Wrist shot by Wyatt Johnston.
3:23 of 2nd period - Stopped by Logan Thompson without a rebound.
3:24 of 2nd period - Wyatt Johnston wins face-off versus William Karlsson in Minnesota North Stars zone.
3:43 of 2nd period - Snap shot by Valeri Nichushkin.
3:43 of 2nd period - Shot Misses the Net.
3:57 of 2nd period - Slapshot by Frank Vatrano.
3:57 of 2nd period - Stopped by Cam Talbot without a rebound.
3:58 of 2nd period - Jack Hughes wins face-off versus Nino Niederreiter in Toronto Maple Leafs zone.
4:30 of 2nd period - Snap shot by Brady Tkachuk.
4:30 of 2nd period - Deflect By Troy Terry.
4:30 of 2nd period - Stopped by Logan Thompson with a rebound.
4:32 of 2nd period - Snap shot by Tomas Hertl.
4:32 of 2nd period - Shot Blocked by Dylan DeMelo.
4:34 of 2nd period - Backhand shot by Tomas Hertl.
4:34 of 2nd period - Stopped by Logan Thompson with a rebound.
4:36 of 2nd period - Wrist shot by Tomas Hertl.
4:36 of 2nd period - Stopped by Logan Thompson without a rebound.
4:37 of 2nd period - Wyatt Johnston wins face-off versus Jack Hughes in Minnesota North Stars zone.
5:02 of 2nd period - Double Minor Penalty to Nick Bjugstad for Slashing.
5:03 of 2nd period - Jack Hughes wins face-off versus Tomas Hertl in Toronto Maple Leafs zone.
9:02 of 2nd period - Penalty to Nick Bjugstad is over, Nick Bjugstad is back on ice.
9:31 of 2nd period - Sam Bennett is hit by Lawson Crouse and loses puck.
9:54 of 2nd period - Minor Penalty to Brady Tkachuk for Hooking.
9:55 of 2nd period - Tomas Hertl wins face-off versus Jack Hughes in Toronto Maple Leafs zone.
10:09 of 2nd period - Wrist shot by Jack Hughes.
10:09 of 2nd period - Shot Blocked by Aaron Ekblad.
11:45 of 2nd period - Minor Penalty to Aaron Ekblad for Slashing.
11:46 of 2nd period - Evgeni Malkin wins face-off versus Nick Bjugstad in Toronto Maple Leafs zone.
11:49 of 2nd period - Wrist shot by Jonathan Marchessault.
11:49 of 2nd period - Goal by Jonathan Marchessault - Minnesota North Stars : 2 - Toronto Maple Leafs : 1.
11:50 of 2nd period - Jack Hughes wins face-off versus Tomas Hertl in neutral zone.
12:04 of 2nd period - Dougie Hamilton is hit by Dylan DeMelo and loses puck.
12:31 of 2nd period - Snap shot by Valeri Nichushkin.
12:31 of 2nd period - Shot Misses the Net.
12:33 of 2nd period - Snap shot by Ryan Nugent-Hopkins.
12:33 of 2nd period - Shot Misses the Net.
12:35 of 2nd period - Slapshot by Ryan Nugent-Hopkins.
12:35 of 2nd period - Stopped by Cam Talbot with a rebound.
12:37 of 2nd period - Slapshot by Dylan DeMelo.
12:37 of 2nd period - Shot Blocked by Ryan Pulock.
12:39 of 2nd period - Wrist shot by Ryan Nugent-Hopkins.
12:39 of 2nd period - Shot Misses the Net.
12:41 of 2nd period - Slapshot by Jack Hughes.
12:41 of 2nd period - Stopped by Cam Talbot with a rebound.
12:43 of 2nd period - Snap shot by Valeri Nichushkin.
12:43 of 2nd period - Stopped by Cam Talbot with a rebound.
12:45 of 2nd period - Backhand shot by Ryan Nugent-Hopkins.
12:45 of 2nd period - Shot Misses the Net.
12:47 of 2nd period - Snap shot by Jack Hughes.
12:47 of 2nd period - Shot Misses the Net.
12:49 of 2nd period - Slapshot by Dylan DeMelo.
12:49 of 2nd period - Stopped by Cam Talbot without a rebound.
12:50 of 2nd period - Tomas Hertl wins face-off versus Frank Vatrano in Toronto Maple Leafs zone.
12:50 of 2nd period - Tomas Hertl is hit by Jonathan Marchessault.
13:04 of 2nd period - Wrist shot by Evgeni Malkin.
13:04 of 2nd period - Stopped by Cam Talbot without a rebound.
13:05 of 2nd period - Evgeni Malkin wins face-off versus Tomas Hertl in Toronto Maple Leafs zone.
13:08 of 2nd period - Wrist shot by Frank Vatrano.
13:08 of 2nd period - Shot Misses the Net.
13:10 of 2nd period - Snap shot by Frank Vatrano.
13:10 of 2nd period - Shot Misses the Net.
13:29 of 2nd period - Icing by Jonathan Marchessault.
13:30 of 2nd period - Nick Bjugstad wins face-off versus Evgeni Malkin in Minnesota North Stars zone.
13:39 of 2nd period - Wrist shot by Nicolas Roy.
13:39 of 2nd period - Stopped by Logan Thompson without a rebound.
13:40 of 2nd period - Tomas Hertl wins face-off versus Valeri Nichushkin in Minnesota North Stars zone.
13:45 of 2nd period - Penalty to Aaron Ekblad is over, Aaron Ekblad is back on ice.
13:47 of 2nd period - Wrist shot by Valeri Nichushkin.
13:47 of 2nd period - Goal by Valeri Nichushkin - Minnesota North Stars : 3 - Toronto Maple Leafs : 1.
13:48 of 2nd period - Tomas Hertl wins face-off versus Evgeni Malkin in neutral zone.
14:42 of 2nd period - Slapshot by Quinton Byfield.
14:42 of 2nd period - Stopped by Logan Thompson with a rebound.
14:44 of 2nd period - Slapshot by Ryan Pulock.
14:44 of 2nd period - Stopped by Logan Thompson with a rebound.
14:46 of 2nd period - Snap shot by Wyatt Johnston.
14:46 of 2nd period - Shot Blocked by Ryan Nugent-Hopkins.
15:24 of 2nd period - Snap shot by Dougie Hamilton.
15:24 of 2nd period - Shot Misses the Net.
16:24 of 2nd period - Matt Roy is hit by Brady Tkachuk and loses puck.
16:30 of 2nd period - Minor Penalty to Matt Roy for Holding.
16:31 of 2nd period - Brady Tkachuk wins face-off versus Alexander Kerfoot in Minnesota North Stars zone.
16:49 of 2nd period - Icing by Troy Terry.
16:50 of 2nd period - Tomas Hertl wins face-off versus Ryan Nugent-Hopkins in Toronto Maple Leafs zone.
16:57 of 2nd period - Snap shot by Brady Tkachuk.
16:57 of 2nd period - Stopped by Logan Thompson without a rebound.
16:58 of 2nd period - Alexander Kerfoot wins face-off versus Wyatt Johnston in Minnesota North Stars zone.
18:30 of 2nd period - Penalty to Matt Roy is over, Matt Roy is back on ice.
18:34 of 2nd period - Off-side.
18:35 of 2nd period - Sam Bennett wins face-off versus Evgeni Malkin in neutral zone.
19:25 of 2nd period - Snap shot by Jack Hughes.
19:25 of 2nd period - Shot Blocked by Mario Ferraro.
Goals for this period are 3 for Minnesota North Stars vs 1 for Toronto Maple Leafs.
Shots for this period are 10 for Minnesota North Stars vs 13 for Toronto Maple Leafs.
3rd period
0:01 of 3rd period - Tomas Hertl wins face-off versus Evgeni Malkin in neutral zone.
0:14 of 3rd period - Wrist shot by Tomas Hertl.
0:14 of 3rd period - Shot Misses the Net.
0:16 of 3rd period - Slapshot by Ryan Pulock.
0:16 of 3rd period - Stopped by Logan Thompson with a rebound.
0:33 of 3rd period - Wrist shot by Evgeni Malkin.
0:33 of 3rd period - Stopped by Cam Talbot with a rebound.
0:35 of 3rd period - Snap shot by Brock Nelson.
0:35 of 3rd period - Deflect By Evgeni Malkin.
0:35 of 3rd period - Shot Blocked by Ryan Pulock.
0:35 of 3rd period - Puck is out of play.
0:36 of 3rd period - Troy Terry wins face-off versus William Karlsson in Toronto Maple Leafs zone.
0:49 of 3rd period - Wrist shot by Valeri Nichushkin.
0:49 of 3rd period - Shot Blocked by Cody Ceci.
0:51 of 3rd period - Wrist shot by Valeri Nichushkin.
0:51 of 3rd period - Shot Misses the Net.
1:27 of 3rd period - Quinton Byfield is hit by Rasmus Dahlin and loses puck.
2:26 of 3rd period - Slapshot by Ryan Nugent-Hopkins.
2:26 of 3rd period - Stopped by Cam Talbot with a rebound.
2:34 of 3rd period - Wrist shot by Sam Bennett.
2:34 of 3rd period - Shot Blocked by Ryan Nugent-Hopkins.
2:44 of 3rd period - Ryan Pulock is hit by Brock Nelson and loses puck.
2:53 of 3rd period - Slapshot by Evgeni Malkin.
2:53 of 3rd period - Stopped by Cam Talbot without a rebound.
2:54 of 3rd period - Tomas Hertl wins face-off versus Valeri Nichushkin in Toronto Maple Leafs zone.
3:25 of 3rd period - Slapshot by Nicolas Roy.
3:25 of 3rd period - Shot Misses the Net.
3:29 of 3rd period - Snap shot by Sam Bennett.
3:29 of 3rd period - Stopped by Logan Thompson with a rebound.
3:41 of 3rd period - Matt Roy is hit by Aaron Ekblad and loses puck.
4:28 of 3rd period - Sean Walker is hit by Neal Pionk and loses puck.
4:47 of 3rd period - Neal Pionk is hit by Nick Bjugstad and loses puck.
5:03 of 3rd period - Wrist shot by Quinton Byfield.
5:03 of 3rd period - Shot Misses the Net.
5:05 of 3rd period - Slapshot by Sean Walker.
5:05 of 3rd period - Shot Blocked by Rasmus Dahlin.
5:07 of 3rd period - Snap shot by Wyatt Johnston.
5:07 of 3rd period - Goal by Wyatt Johnston - Minnesota North Stars : 3 - Toronto Maple Leafs : 2.
5:08 of 3rd period - Tomas Hertl wins face-off versus William Karlsson in neutral zone.
5:10 of 3rd period - Off-side.
5:11 of 3rd period - Tomas Hertl wins face-off versus William Karlsson in neutral zone.
5:18 of 3rd period - Snap shot by Brady Tkachuk.
5:18 of 3rd period - Stopped by Logan Thompson without a rebound.
5:19 of 3rd period - Tomas Hertl wins face-off versus William Karlsson in Minnesota North Stars zone.
6:04 of 3rd period - Off-side.
6:05 of 3rd period - Wyatt Johnston wins face-off versus Jack Hughes in neutral zone.
6:12 of 3rd period - Wrist shot by Quinton Byfield.
6:12 of 3rd period - Stopped by Logan Thompson with a rebound.
6:32 of 3rd period - Erik Cernak is hit by Brady Tkachuk and loses puck.
6:41 of 3rd period - Snap shot by Brady Tkachuk.
6:41 of 3rd period - Stopped by Logan Thompson with a rebound.
7:05 of 3rd period - Wrist shot by Brock Nelson.
7:05 of 3rd period - Stopped by Cam Talbot with a rebound.
8:00 of 3rd period - Icing by Neal Pionk.
8:01 of 3rd period - William Karlsson wins face-off versus Sam Bennett in Minnesota North Stars zone.
8:22 of 3rd period - Wrist shot by William Karlsson.
8:22 of 3rd period - Shot Misses the Net.
8:24 of 3rd period - Snap shot by Frank Vatrano.
8:24 of 3rd period - Shot Blocked by Sam Bennett.
8:26 of 3rd period - Snap shot by Valeri Nichushkin.
8:26 of 3rd period - Stopped by Cam Talbot with a rebound.
8:28 of 3rd period - Snap shot by Valeri Nichushkin.
8:28 of 3rd period - Stopped by Cam Talbot with a rebound.
8:38 of 3rd period - Snap shot by Frank Vatrano.
8:38 of 3rd period - Shot Misses the Net.
8:40 of 3rd period - Slapshot by Neal Pionk.
8:40 of 3rd period - Stopped by Cam Talbot without a rebound.
8:41 of 3rd period - Evgeni Malkin wins face-off versus Tomas Hertl in Toronto Maple Leafs zone.
8:54 of 3rd period - Snap shot by Brock Nelson.
8:54 of 3rd period - Shot Misses the Net.
8:56 of 3rd period - Minor Penalty to Brady Tkachuk for Delaying the game.
8:57 of 3rd period - Tomas Hertl wins face-off versus Jack Hughes in Toronto Maple Leafs zone.
10:50 of 3rd period - Icing by Evgeni Malkin.
10:51 of 3rd period - Tomas Hertl wins face-off versus Evgeni Malkin in Minnesota North Stars zone.
10:56 of 3rd period - Penalty to Brady Tkachuk is over, Brady Tkachuk is back on ice.
12:19 of 3rd period - Wrist shot by Wyatt Johnston.
12:19 of 3rd period - Stopped by Logan Thompson with a rebound.
12:21 of 3rd period - Wrist shot by Brandon Saad.
12:21 of 3rd period - Stopped by Logan Thompson with a rebound.
12:23 of 3rd period - Wrist shot by Andrew Mangiapane.
12:23 of 3rd period - Deflect By Wyatt Johnston.
12:23 of 3rd period - Shot Misses the Net.
12:23 of 3rd period - Puck is out of play.
12:24 of 3rd period - Tomas Hertl wins face-off versus Brock Nelson in Minnesota North Stars zone.
12:32 of 3rd period - Off-side.
12:33 of 3rd period - Tomas Hertl wins face-off versus Jack Hughes in neutral zone.
13:08 of 3rd period - Snap shot by Wyatt Johnston.
13:08 of 3rd period - Shot Misses the Net.
13:29 of 3rd period - Snap shot by Valeri Nichushkin.
13:29 of 3rd period - Shot Blocked by Sam Bennett.
13:37 of 3rd period - Minor Penalty to Sam Bennett for Holding.
13:38 of 3rd period - Tomas Hertl wins face-off versus Jack Hughes in Toronto Maple Leafs zone.
13:38 of 3rd period - Tomas Hertl is hit by Valeri Nichushkin.
14:04 of 3rd period - Cody Ceci is hit by Evgeni Malkin and loses puck.
14:27 of 3rd period - Slapshot by Jonathan Marchessault.
14:27 of 3rd period - Shot Blocked by Ryan Pulock.
14:33 of 3rd period - Wrist shot by Jonathan Marchessault.
14:33 of 3rd period - Stopped by Cam Talbot without a rebound.
14:34 of 3rd period - Nicolas Roy wins face-off versus Valeri Nichushkin in Toronto Maple Leafs zone.
15:37 of 3rd period - Penalty to Sam Bennett is over, Sam Bennett is back on ice.
16:12 of 3rd period - Valeri Nichushkin is hit by Nino Niederreiter and loses puck.
16:36 of 3rd period - Off-side.
16:37 of 3rd period - Tomas Hertl wins face-off versus Jack Hughes in neutral zone.
16:56 of 3rd period - Wrist shot by Scott Laughton.
16:56 of 3rd period - Stopped by Logan Thompson without a rebound.
16:57 of 3rd period - Alexander Kerfoot wins face-off versus Scott Laughton in Minnesota North Stars zone.
16:57 of 3rd period - Alexander Kerfoot is hit by Aaron Ekblad.
17:03 of 3rd period - Evan Rodrigues is hit by Andrew Mangiapane and loses puck.
17:10 of 3rd period - Slapshot by Andrew Mangiapane.
17:10 of 3rd period - Deflect By Brandon Saad.
17:10 of 3rd period - Stopped by Logan Thompson with a rebound.
17:12 of 3rd period - Slapshot by Ryan Pulock.
17:12 of 3rd period - Stopped by Logan Thompson without a rebound.
17:13 of 3rd period - Evgeni Malkin wins face-off versus Sam Bennett in Minnesota North Stars zone.
17:13 of 3rd period - Evgeni Malkin is hit by Nino Niederreiter.
17:20 of 3rd period - Minor Penalty to Ryan Pulock for Delaying the game.
17:21 of 3rd period - Jack Hughes wins face-off versus Tomas Hertl in Toronto Maple Leafs zone.
17:52 of 3rd period - Slapshot by Dougie Hamilton.
17:52 of 3rd period - Stopped by Logan Thompson without a rebound.
17:53 of 3rd period - Tomas Hertl wins face-off versus Evgeni Malkin in Minnesota North Stars zone.
18:02 of 3rd period - Wrist shot by Tomas Hertl.
18:02 of 3rd period - Deflect By Jonathan Marchessault.
18:02 of 3rd period - Shot Blocked by Rasmus Dahlin.
18:02 of 3rd period - Puck is out of play.
18:03 of 3rd period - Tomas Hertl wins face-off versus Jack Hughes in Minnesota North Stars zone.
18:08 of 3rd period - Slapshot by Tomas Hertl.
18:08 of 3rd period - Shot Misses the Net.
18:16 of 3rd period - Wrist shot by Jack Hughes.
18:16 of 3rd period - Stopped by Cam Talbot without a rebound.
18:17 of 3rd period - Tomas Hertl wins face-off versus Frank Vatrano in Toronto Maple Leafs zone.
18:44 of 3rd period - Dylan DeMelo is hit by Tomas Hertl.
19:20 of 3rd period - Penalty to Ryan Pulock is over, Ryan Pulock is back on ice.
19:52 of 3rd period - William Karlsson is hit by Brady Tkachuk and loses puck.
Goals for this period are 0 for Minnesota North Stars vs 1 for Toronto Maple Leafs.
Shots for this period are 9 for Minnesota North Stars vs 12 for Toronto Maple Leafs.
Back to the Top